← All builds
Tech / Armada / Economy first / OBSERVED BUILD

Standard tech

Armada Tech (Eco) build order · Supreme Isthmus

Rushes T2 by 4:15, gets Advanced Metal Extractor around 5:28, hands off T2 constructors to Geo and the team, then scales eco and supplies the team's T2 needs through the rest of the game.

Usually first T2 con to Geo (83%)

#eco #t2 #team support · 1574 distinct matches · 255 players · 58% of Armada Tech games · team won 53% of 1868 · Recently observed

HOW TO PLAY IT

Key timing: T2 factory by 4:15

  1. Open 3 mex and heavy wind to fund a fast T2 rush.
  2. Put down Bot Lab, planning to eat it for reclaim soon after.
  3. Get Advanced Bot Lab up, hitting the T2 factory rush timing.
  4. Upgrade mex to Advanced Metal Extractor to lock in team metal income.
  5. Eat Advanced Bot Lab and keep sending cons to Geo and Pond.

Phase by phase

TYPICAL OF ITS 1574 GAMES
  1. 1
  2. 2
  3. 3
  4. 4
PLAY THE OPENING

Follow the example game's first 6:00 step by step: what to build now, what comes next, and where it goes. At 1× it keeps pace with your own game.

  1. 1

    Up to the Bot Lab

    Economy
    • Metal Extractor3Mex
    • Wind Turbine4Wind
    Order
    1. Bot LabBot Lab after 3 mex, 4 winddone ~1:18, middle half 1:13–1:32

    Some games also: energy storage (31%)

    By 1:01 in all: 3 mex · 4 wind

    The example game in this phase · 3 steps
    1. Mex ×3
    2. Wind ×4
    3. Bot LabBot Labdone 1:17 · typical 1:18
  2. 2

    Bot Lab to Advanced Bot Lab

    Economy
    • Metal Extractor1Mex
    • Wind Turbine8Wind
    • Energy Storage1Energy storage
    Order
    1. Advanced Bot LabAdvanced Bot Lab after 4 mex, 12 wind, 3 con turretdone ~4:16, middle half 4:04–4:30
    Builders
    • Construction Turret3 Con turret
    • Lazarus3 Lazarus
    • Construction Bot2 Con bot
    • Construction Bot1 Con bot for allies

    Some games also: converter (36%)

    By 3:18 in all: 4 mex · 12 wind · 1 energy storage · 3 con turret

    The example game in this phase · 22 steps
    1. Construction BotCon bot
    2. Wind ×2
    3. LazarusLazarus
    4. Wind ×2
    5. Solar
    6. Mex
    7. LazarusLazarus
    8. Wind
    9. Solar
    10. Wind ×2
    11. Construction BotCon bot
    12. LazarusLazarus
    13. Construction BotCon botfor Air
    14. Con turret
    15. Wind
    16. LazarusLazarus ×2
    17. Con turret
    18. Wind ×4
    19. Energy storage
    20. Con turret
    21. Wind
    22. Advanced Bot LabAdvanced Bot Labdone 4:57 · typical 4:16
  3. 3

    Advanced Bot Lab to 5:00

    Economy
    • Wind Turbine3Wind
    Order
    1. Bot LabEat Bot Lab
    Builders
    • Advanced Construction Bot1 T2 con bot for allies

    Some games also: converter (35%)

    By 5:00 in all: 4 mex · 15 wind · 1 converter · 1 energy storage · 3 con turret

    The example game in this phase · 6 steps
    1. Wind
    2. Bot LabEat Bot Labreclaimed for its metal
    3. Wind ×2
    4. Energy storage
    5. Wind ×2
    6. Advanced Construction BotT2 con botfor Air
  4. 4

    5:00 to 10:00

    Economy
    • Wind Turbine43Wind
    • Energy Converter6Converter
    Builders
    • Butler9 Butler
    • Advanced Construction Bot4 T2 con bot for allies
    • Advanced Construction Bot1 T2 con bot

    Some games also: con turret (43%) · Butler for allies (37%)

    By 10:00 in all: 4 mex · 58 wind · 8 converter · 1 energy storage · 3 con turret

    The example game in this phase · 253 steps
    1. Converter ×2
    2. Advanced Metal ExtractorT2 mexdone 5:44 · typical 5:29
    3. Converter
    4. Wind
    5. Converter
    6. Advanced Metal ExtractorT2 mex ×2
    7. Wind
    8. SharpshooterSniper botfor Ponddone 6:32
    9. Wind
    10. Converter ×2
    11. Wind
    12. SharpshooterSniper botfor Pond
    13. Wind ×2
    14. Advanced Construction BotT2 con botfor Geo sea
    15. ButlerButler
    16. Wind
    17. ButlerButler
    18. Advanced Metal ExtractorT2 mex
    19. Converter
    20. Wind
    21. Converter ×2
    22. Advanced Construction BotT2 con botfor Beach sea
    23. Advanced Metal ExtractorT2 mex
    24. Converter
    25. Wind
    26. Advanced Construction BotT2 con botfor Pond
    27. Converter
    28. ButlerButler
    29. Converter
    30. Wind
    31. ButlerButler
    32. Converter
    33. ButlerButler
    34. Converter
    35. ButlerButler
    36. Converter
    37. Wind
    38. ButlerButler
    39. Converter
    40. Wind
    41. Converter
    42. ButlerButler
    43. Wind
    44. Converter
    45. ButlerButler
    46. Converter ×2
    47. ButlerButler
    48. Wind ×2
    49. ButlerButler
    50. Wind
    51. Converter ×2
    52. Wind
    53. ButlerButler
    54. Wind ×3
    55. GunslingerGunslingerfor Ponddone 9:49
    56. Converter
    57. Wind
    58. Converter
    59. Wind ×5
    60. Converter
    61. Wind ×5
    62. Converter
    63. Wind
    64. Vehicle PlantVehicle Plantdone 10:10
    65. SprinterSprinter
    66. Wind ×3
    67. Converter
    68. SprinterSprinter
    69. Wind ×2
    70. Converter
    71. StoutStout
    72. SprinterSprinter
    73. Wind ×3
    74. Converter
    75. StoutStout
    76. Wind
    77. SprinterSprinter
    78. Converter
    79. Wind ×3
    80. StoutStout
    81. Converter
    82. SprinterSprinter
    83. Wind
    84. WelderWelder
    85. Wind
    86. Converter
    87. Wind
    88. StoutStout
    89. Wind
    90. Mex
    91. Converter
    92. Wind ×2
    93. Converter
    94. WelderWelder
    95. Con turret
    96. Wind ×2
    97. Converter
    98. StoutStout
    99. Wind ×3
    100. Converter
    101. WelderWelder
    102. Converter
    103. Wind ×2
    104. Converter
    105. Wind
    106. StoutStout
    107. Wind ×2
    108. Converter ×2
    109. Wind ×2
    110. SharpshooterSniper bot
    111. Wind
    112. StoutStout
    113. Wind
    114. Converter
    115. Wind
    116. Converter
    117. Wind
    118. Con turret
    119. Wind ×2
    120. Converter
    121. Wind ×2
    122. Converter
    123. Wind ×3
    124. SharpshooterSniper bot
    125. Converter
    126. StoutStout
    127. Wind
    128. Con turret
    129. Wind
    130. Converter
    131. Wind ×2
    132. Con turret
    133. Wind
    134. Converter
    135. Wind
    136. Converter
    137. Con turret
    138. Wind ×3
    139. Converter
    140. Wind
    141. Converter
    142. SharpshooterSniper bot
    143. StoutStout
    144. Wind ×3
    145. Converter
    146. StoutStout
    147. TickTick
    148. Wind ×2
    149. Converter
    150. Wind
    151. Converter
    152. StoutStout
    153. Wind
    154. GruntGrunt
    155. Wind
    156. Vehicle PlantVehicle Plantdone 12:44
    157. Wind
    158. Converter
    159. Wind
    160. GruntGrunt
    161. StoutStout
    162. Converter
    163. Wind ×2
    164. Converter
    165. Wind
    166. GruntGrunt
    167. Wind ×2
    168. Converter
    169. Bot LabBot Labdone 12:51
    170. Converter
    171. StoutStout
    172. Wind ×2
    173. Vehicle PlantEat Vehicle Plantreclaimed for its metal
    174. Wind
    175. Converter
    176. StoutStout
    177. Wind ×2
    178. StoutStout
    179. Wind ×2
    180. StoutStout
    181. Converter ×2
    182. StoutStout
    183. Wind ×2
    184. StoutStout
    185. Wind ×2
    186. Converter
    187. TickTick
    188. StoutStout
    189. Converter
    190. TickTick
    191. Wind ×2
    192. TickTick
    193. Wind
    194. TickTick
    195. StoutStout
    196. Converter
    197. TickTick
    198. Wind
    199. Converter
    200. Wind
    201. TickTick
    202. Wind
    203. StoutStout
    204. TickTick
    205. Wind
    206. Converter
    207. TickTick
    208. Wind
    209. Converter
    210. TickTick
    211. Wind
    212. TickTick
    213. Wind
    214. StoutStout
    215. Wind
    216. TickTick
    217. Converter
    218. Wind
    219. Converter
    220. TickTick
    221. Advanced Bot LabEat Advanced Bot Labreclaimed for its metal
    222. Wind
    223. TickTick
    224. Wind
    225. TickTick
    226. StoutStout
    227. Wind
    228. TickTick
    229. Converter
    230. Wind
    231. StoutStout
    232. TickTick
    233. Converter
    234. Wind
    235. TickTick
    236. Wind ×2
    237. TickTick
    238. StoutStout
    239. TickTick
    240. Wind
    241. Converter
    242. TickTick
    243. StoutStout
    244. TickTick
    245. Wind ×2
    246. Converter
    247. StoutStout
    248. TickTick ×2
    249. Wind
    250. TickTick
    251. Wind ×2
    252. StoutStout
    253. TickTick

Counts are medians over the build's games: half of them build more, half fewer. The example game is RiskyDonut's (32 OS, 05/10/2026); pick another.

Team trades

IN AT LEAST 30% OF ITS GAMES

You hand over

  • Construction Bot1 Con bot to Airfirst at 2:24 · in 84% of games
  • Advanced Construction Bot5 T2 con bot to Air or Geo sea or Pondfirst at 4:50 · in 99% of games
  • Butler2 Butler to Geo sea or Beach sea or Pondfirst at 9:07 · in 42% of games

You get

  • Hercules1 Light transport from Airfirst at 4:01 · in 86% of games

How it plays out

Typical game of this build, running totals by minute

Metal produced

020k40k
0:005:0010:0015:00

metal

Enemy metal destroyed

050100
0:005:0010:0015:00

metal

Own metal lost

050100150
0:005:0010:0015:00

metal

1868 games.

Show as table
ByMetal produced: This buildEnemy metal destroyed: This buildOwn metal lost: This build
1:0038300
2:0091500
3:00165100
4:00314300
5:00484800
6:00580000
7:00722700
8:00906100
9:001116900
10:001350200
11:001623900
12:001965200
13:002344100
14:0027357074
15:003153885130
WHAT THE NUMBERS SAY

Standard Tech play barely fights at all early, instead pouring metal into T2 infrastructure and constructors for the team.

  • + Metal produced hits 31679 by 15:00, by far the highest of any role here.
  • + T2 factory reached in 97% of games by 4:15, fastest and most reliable T2 timing.
  • − Enemy metal destroyed stays at 0 through 10:00, no early offense at all.
  • − Own metal lost also near 0, showing total avoidance of combat risk.
THE EXAMPLE YOU ARE READING

RiskyDonut

32.0 OS · 05/10/2026

Open source match ↗

1 received units
1544 metal received · 296967 energy received

Allied construction assistance is unknown. Timings are observations, not a promise of solo reproducibility.

Typical milestones

Bot Lab1:18Middle 50%: 1:13–1:32 · n=1868
Advanced Bot Lab4:16Middle 50%: 4:04–4:30 · n=1861
Advanced Metal Extractor5:29Middle 50%: 5:06–5:59 · n=1864

Played most by

Amrissa93games of this buildTheGeneraI66games of this buildAdeus57games of this buildEl_Turco56games of this buildKOT_43games of this build